 Dungeon Crawl Stone Soup version 0.29.1-15-g9cfb28693d (webtiles) character file.

Game seed: 1366452391517637112

1 GeoRichter the Gusty (level 1, 0/11 HPs)
             Began as an Octopode Air Elementalist on Mar 19, 2023.
             Slain by a hobgoblin (3 damage)
             ... on level 1 of the Dungeon.
             The game lasted 00:00:25 (68 turns).

GeoRichter the Gusty (Octopode Air Elementalist)      Turns: 68, Time: 00:00:25

Health: 0/11       AC:  1    Str:  7    XL:     1   Next: 20%
Magic:  1/3        EV: 13    Int: 17    God:
Gold:   0          SH:  0    Dex: 12    Spells: 3/4 levels left

rFire   . . .      SeeInvis .   (no weapon)
rCold   . . .      Faith    .   (no shield)
rNeg    . . .      Spirit   .   (helmet restricted)
rPois   .          Reflect  .   (no amulet)
rElec   .          Harm     .   (no ring)
rCorr   .          Rampage  .   (no ring)
Will    .....                   (no ring)
Stlth   +++.......              (no ring)
HPRegen 0.03/turn               (no ring)
MPRegen 0.08/turn               (no ring)
                                (no ring)
                                (no ring)

@: no status effects
A: almost no armour, amphibious, 8 rings, camouflage 1, gelatinous body 1,
(nimble swimmer 1), tentacles
a: no special abilities


You were on level 1 of the Dungeon.
You visited 1 branch of the dungeon, and saw 1 of its levels.

Inventory:

Potions
 a - a potion of magic


   Skills:
 - Level 2.0 Dodging
 + Level 2.9 Stealth
 - Level 2.0 Spellcasting
 - Level 1.0 Conjurations
 - Level 3.0 Air Magic


You had 3 spell levels left.
You knew the following spells:

 Your Spells              Type           Power      Damage    Failure   Level
a - Shock                 Conj/Air       32%        1d5       9%          1

Your spell library contained the following spells:

 Spells                   Type           Power      Damage    Failure   Level
 Static Discharge         Conj/Air       8%         3-4/arc   13%         2
 Swiftness                Air            11%        N/A       17%         3
 Airstrike                Air            5%         2d(1-17)  50%         4


Dungeon Overview and Level Annotations

Branches:
Dungeon (1/15) Zot: 5931

Altars:


Innate Abilities, Weirdness & Mutations

You cannot wear most types of armour.
You are amphibious.
You can wear up to eight rings at the same time.
Your skin changes colour to match your surroundings (Stealth+).
Your rubbery body absorbs attacks. (AC +1, EV +1)
((You are camouflaged when in or above water. (Stealth+)))
You have tentacles for arms and can constrict up to eight enemies at once.


Message History

There is an open door here.
As you open the door, it creaks loudly!
You hear a shout! x2
A kobold comes into view. It is wielding a +0 club.
A kobold is nearby!
A kobold is nearby!
The zap misses the kobold. x2; Something unseen opens the door.
That beam is likely to hit you.
Continue anyway? [Y]es or [N]o only, please.
That beam is likely to hit you.
Continue anyway? [Y]es or [N]o only, please.
That beam is likely to hit you.
Continue anyway?
Okay, then.
You closely miss the kobold. Your grab misses the kobold.
Your squeeze misses the kobold.
A hobgoblin comes into view.
The kobold completely misses you.
You tentacle-slap the kobold but do no damage.
You grab the kobold. You constrict the kobold. The kobold closely misses you.
You barely miss the kobold. You constrict the kobold.
The kobold hits you with a +0 club. The hobgoblin hits you.
* * * LOW HITPOINT WARNING * * *
You release your grip on the kobold.
The kobold attacks as you move away! The kobold misses you.
The kobold throws a stone.
The stone misses you. The hobgoblin attacks as you move away!
The hobgoblin misses you.
There is an open door here.
You tentacle-slap the kobold but do no damage.
You grab the kobold.
You constrict the kobold, but do no damage.
The kobold hits you with a +0 club.
* * * LOW HITPOINT WARNING * * *
The hobgoblin closely misses you.
You release your grip on the kobold.
The kobold attacks as you move away! The kobold barely misses you.
Aim: a kobold, wielding a +0 club and quivering stones (severely wounded, 60% to hit)
The zap hits the kobold.
You kill the kobold!
The zap misses the hobgoblin. x2
The hobgoblin closely misses you.
You don't have enough magic to cast this spell.
Unknown command.
Unknown command.
The hobgoblin attacks as you move away! The hobgoblin barely misses you.
There is an open door here.
You tentacle-slap the hobgoblin but do no damage.
You grab the hobgoblin. You squeeze the hobgoblin. You constrict the hobgoblin.
The hobgoblin barely misses you.
You tentacle-slap the hobgoblin.
You tentacle-slap the hobgoblin, but do no damage.
You constrict the hobgoblin. The hobgoblin hits you.
You die...

+.⌠.#...#...
#...#...#... #
######'###'###'##.#
#...#[..#...#...#.#
#...'[<.'...#...'.#
#...#...#...#...#.#
##'###########)## #
#...#...#...#g.†#
#.⌠.'...'...@.⌠.+
#...#...#...#...#
##############+##


You could see a hobgoblin.

Vanquished Creatures
  A kobold (D:1)
  A rat (D:1)
2 creatures vanquished.

Notes
Turn   | Place    | Note
-------+----------+-------------------------------------------
     0 | D:1      | GeoRichter the Octopode Air Elementalist began the quest
                  | for the Orb.
     0 | D:1      | Reached XP level 1. HP: 11/11 MP: 3/3
    68 | D:1      | Slain by a hobgoblin

Illustrated notes

Levels and vault maps discovered:
D:1:      co_arrival_random_square_maze, layout_basic, basic_ecumenical_altar,
          serial_shops, nicolae_shop_statue_plus

Action                   || total
-------------------------++-------
Melee: Unarmed           ||     6
       Constrict         ||     3
       Punch             ||     1
       Tentacles         ||     1
 Cast: Shock             ||     4
Dodge: Dodged            ||    10
